Map: Ever Dream LE

Players

Scarlett - Winner!

  • Race: Zerg Zerg
  • Spawn Location: 1:00

TIME (Oliveira)

  • Race: Terran Terran
  • League: Master
  • Spawn Location: 7:00

Event: DreamHack SC2 Masters 2020 Fall

VOD

Have the link to the VOD?

Description

Time

  • Played on: Sept. 18, 2020, 12:57 p.m.
  • Length: 29:17
Show
View Real Time Build Order
Export as new Build Order

Scarlett Zerg - Winner!

Build Orders: Hatch First 

Get SALT Encoding   

  12  0:00  Drone  
  13  0:12  Overlord  
  13  0:17  Drone  
  14  0:31  Drone x2  
  16  0:47  Hatchery  
  15  0:51  Drone  
  15  0:55  Drone  
  17  0:58  Drone  
  18  1:09  Extractor  
  17  1:12  Spawning Pool  
  17  1:16  Drone  
  17  1:19  Drone  
  18  1:28  Drone  
  19  1:39  Drone  
  20  1:49  Overlord  
  20  1:59  Queen  
  20  2:00  Queen  
  20  2:01  Zergling x4  
  26  2:11  Drone x2  
  26  2:12  Metabolic Boost  
  28  2:23  Drone  
  28  2:24  Drone  
  30  2:35  Queen  
  30  2:37  Overlord  
  32  2:38  Queen  
  32  2:43  Overlord  
  34  2:46  Drone x2  
  36  2:59  Drone x2  
  36  3:04  Drone  
  39  3:05  Drone  
  39  3:10  Zergling x12  
  46  3:22  Hatchery  
  45  3:30  Drone x4  
  49  3:37  Queen  
  49  3:40  Drone  
  52  3:45  Overlord  
  52  3:58  Drone x2  
  52  4:02  Drone  
  51  4:04  Queen, Drone  
  51  4:06  Drone x4  
  51  4:07  Roach Warren  
  54  4:15  Drone  
  55  4:18  Lair, Extractor  
  55  4:20  Extractor  
  55  4:21  Evolution Chamber, Drone  
  53  4:24  Spore Crawler  
  53  4:25  Drone  
  53  4:26  Drone x2  
  53  4:30  Drone x2  
  57  4:34  Drone x2  
  57  4:37  Extractor  
  58  4:43  Zergling x6  
  61  4:47  Zergling x4  
  61  4:50  Zergling x4  
  61  4:52  Overlord x2  
  64  5:06  Drone x5  
  61  5:12  Drone x2  
  61  5:13  Zerg Ground Armor Level 1  
  59  5:18  Drone x2  
  59  5:21  Drone x2  
  63  5:25  Drone x3  
  66  5:30  Drone x4  
  66  5:33  Glial Reconstitution  
  70  5:38  Drone  
  70  5:39  Drone  
  70  5:42  Drone  
  73  5:47  Drone  
  73  5:49  Overlord  
  74  5:52  Overlord  
  74  5:53  Overlord  
  74  5:54  Overlord  
  74  5:56  Roach  
  74  5:57  Roach x2  
  80  6:01  Overlord  
  80  6:04  Drone  
  81  6:08  Roach x4  
  89  6:12  Roach  
  89  6:14  Overseer  
  89  6:16  Roach x2  
  95  6:19  Queen  
  95  6:20  Queen  
  95  6:23  Roach  
  101  6:26  Roach x2  
  101  6:29  Roach x2  
  101  6:32  Roach  
  111  6:34  Roach x2  
  111  6:39  Overlord  
  115  6:40  Nydus Network  
  109  6:48  Roach x2  
  109  6:51  Overlord x2  
  109  6:52  Overlord  
  109  6:53  Overseer  
  113  7:06  Roach  
  113  7:07  Zerg Missile Weapons Level 1, Roach x3  
  121  7:12  Roach x6  
  133  7:21  Ravager x3  
  136  7:25  Roach x2  
  136  7:29  Overlord x4, Roach x2  
  142  7:39  Ravager  
  142  7:43  Overlord  
  142  7:44  Overlord  
  143  7:56  Nydus Canal  
  143  7:58  Drone x8  
  142  8:00  Extractor x2  
  142  8:03  Evolution Chamber  
  142  8:05  Overseer  
  135  8:07  Drone x9  
  135  8:08  Hatchery  
  135  8:12  Nydus Canal  
  141  8:20  Drone x3  
  138  8:32  Zerg Ground Armor Level 2  
  138  8:36  Roach x4  
  138  8:37  Baneling Nest  
  145  8:48  Unknown  
  145  8:50  Spore Crawler, Drone x3  
  145  8:52  Overlord x3  
  146  8:58  Roach x5  
  146  8:59  Roach x2  
  160  9:03  Infestation Pit, Ravager  
  160  9:04  Ravager  
  160  9:05  Ravager  
  160  9:08  Drone  
  163  9:10  Zerg Melee Weapons Level 1, Drone  
  163  9:11  Drone x6  
  170  9:18  Overlord  
  170  9:30  Zergling x16  
  178  9:32  Centrifical Hooks  
  178  9:35  Hatchery  
  177  9:40  Hive  
  177  9:48  Ravager x6  
  177  9:49  Zergling x12  
  187  10:25  Drone  
  188  10:32  Drone x3  
  188  10:35  Zergling x22, Spore Crawler x2  
  195  10:36  Spine Crawler  
  195  10:38  Spine Crawler  
  196  10:43  Spore Crawler  
  195  10:50  Baneling  
  195  10:51  Zergling x10, Baneling  
  195  10:52  Adrenal Glands  
  195  10:54  Ultralisk Cavern  
  195  10:55  Baneling x14  
  188  11:09  Zergling x10  
  188  11:10  Zergling x28  
  176  11:12  Zerg Melee Weapons Level 2  
  176  11:13  Zerg Ground Armor Level 3  
  176  11:17  Zergling x10  
  171  11:21  Zergling x2  
  171  11:24  Viper x3  
  179  11:27  Baneling x10  
  179  11:28  Baneling x5  
  179  11:31  Zergling x4  
  179  11:32  Zergling x12  
  179  11:39  Zergling x4  
  161  11:46  Zergling x2  
  161  11:47  Zergling x10  
  154  11:48  Chitinous Plating  
  154  11:52  Zergling x8, Ultralisk  
  164  11:57  Baneling x11  
  164  11:59  Zergling x18  
  173  12:02  Hatchery  
  172  12:13  Hatchery  
  170  12:19  Ultralisk x2  
  182  12:23  Drone x6  
  182  12:24  Zergling x14  
  182  12:25  Zergling x2  
  196  12:44  Zergling x4  
  196  12:45  Zergling x2  
  187  13:06  Anabolic Synthesis  
  186  13:13  Hatchery  
  186  13:18  Drone x3, Extractor  
  186  13:19  Extractor  
  184  13:26  Queen  
  184  13:28  Spine Crawler  
  185  13:37  Zerg Melee Weapons Level 3  
  185  13:39  Spire  
  184  13:50  Hatchery  
  184  13:55  Ultralisk x4  
  197  14:00  Zergling x6  
  199  14:20  Zergling x2  
  198  14:32  Drone  
  191  14:40  Zergling x12, Ultralisk  
  192  14:48  Zergling x4, Ultralisk  
  192  14:49  Zergling x6  
  192  14:50  Spawning Pool  
  199  14:54  Lair  
  199  14:56  Greater Spire  
  197  15:02  Drone x5  
  197  15:03  Drone  
  199  15:13  Hatchery  
  198  15:18  Hatchery, Spore Crawler  
  198  15:20  Drone  
  195  15:22  Drone x4  
  195  15:28  Spore Crawler  
  196  15:33  Burrow  
  192  15:47  Drone  
  192  15:48  Drone x3  
  196  15:50  Zergling x2, Baneling x7  
  196  15:51  Zergling x6  
  197  16:06  Hive  
  190  16:21  Overlord x2, Overseer x2  
  190  16:24  Pneumatized Carapace  
  189  16:29  Drone x2  
  191  16:35  Spine Crawler  
  191  16:37  Extractor  
  191  16:38  Extractor  
  188  16:45  Zergling x22  
  194  16:51  Spine Crawler  
  194  16:53  Queen  
  188  16:55  Drone x6  
  188  16:56  Spine Crawler x2  
  188  16:57  Spore Crawler  
  187  17:02  Drone x3  
  187  17:15  Zerg Flyer Weapons Level 1  
  187  17:22  Baneling x10  
  187  17:23  Overseer  
  187  17:26  Zerg Missile Weapons Level 2  
  187  17:29  Baneling x4  
  187  17:32  Zergling x24  
  192  18:00  Zergling x10  
  189  18:11  Zergling x4  
  189  18:12  Zergling x22  
  172  18:24  Ultralisk Cavern  
  172  18:25  Hatchery, Viper x2  
  159  18:35  Viper  
  159  18:37  Corruptor x5  
  159  18:38  Corruptor  
  159  18:41  Zergling x6, Hatchery  
  167  18:42  Baneling x14  
  167  18:46  Drone  
  165  18:49  Ultralisk Cavern  
  165  18:51  Infestation Pit  
  165  18:52  Zergling x2  
  165  18:53  Zergling x4  
  161  19:07  Hatchery  
  154  19:10  Zergling x6  
  154  19:13  Ultralisk  
  154  19:15  Ultralisk  
  163  19:30  Pathogen Glands  
  163  19:31  Queen  
  165  19:34  Zerg Flyer Armor Level 1  
  165  19:37  Ultralisk x5  
  191  19:46  Overseer  
  191  19:48  Extractor  
  191  19:49  Extractor  
  180  19:53  Zergling x8  
  180  19:57  Queen  
  186  20:00  Corruptor x3  
  192  20:10  Overseer  
  192  20:13  Infestor x4  
  199  20:26  Baneling x8  
  199  20:31  Infestor  
  199  20:35  Overseer  
  199  20:41  Baneling x5  
  199  20:42  Baneling x6  
  182  20:51  Zergling x2, Ultralisk x4  
  182  20:52  Zergling x4  
  184  20:59  Zergling x14  
  173  21:13  Infestor x2  
  177  21:23  Brood Lord x2  
  177  21:24  Hatchery, Brood Lord x3  
  185  21:26  Brood Lord  
  185  21:29  Hatchery  
  186  21:34  Drone x4  
  186  21:36  Brood Lord  
  186  21:39  Drone x3  
  195  21:40  Zergling x8  
  195  21:46  Hatchery  
  198  21:47  Overseer x2  
  194  22:05  Hatchery  
  194  22:08  Corruptor x4  
  175  22:16  Zergling x28  
  180  22:39  Overlord x2  
  180  22:40  Zergling x18  
  180  22:44  Zerg Flyer Weapons Level 2  
  189  22:45  Hatchery  
  188  22:55  Overlord, Drone x2  
  188  22:56  Overlord  
  184  23:03  Overseer  
  176  23:07  Corruptor x6  
  176  23:09  Viper  
  180  23:22  Zergling x14  
  166  23:36  Zergling x4  
  166  23:38  Corruptor x2  
  170  23:46  Infestor x2  
  162  23:49  Baneling, Extractor  
  162  23:50  Extractor, Baneling x5  
  156  24:01  Drone x6  
  156  24:02  Drone x2  
  161  24:07  Drone x3  
  153  24:15  Zergling x6  
  134  24:33  Hatchery  
  132  24:43  Drone x3  
  132  24:44  Drone x3  
  138  24:52  Spore Crawler  
  138  24:56  Infestor x4  
  138  24:58  Drone  
  135  25:12  Drone x6  
  141  25:23  Drone x3  
  144  25:29  Infestor  
  146  25:35  Zergling x2  
  146  25:36  Zergling x4  
  146  25:40  Baneling x3  
  122  26:12  Drone x8  
  122  26:13  Zergling x10  
  128  26:45  Infestor x6  
  132  26:55  Infestor x6  
  132  26:58  Zergling x10  
  136  27:03  Overseer  
  107  27:33  Drone x3  
  108  27:40  Hatchery  
  108  27:41  Zergling x12  
  113  27:58  Baneling x3  
  113  28:05  Ultralisk x2  
  125  28:22  Zergling x6, Ultralisk  
  132  28:47  Baneling x2  
  106  28:51  Zergling x18  
Show
View Real Time Build Order
Export as new Build Order

TIME Terran 

Build Orders: Liberator Opening, Reaper Expand 

Get SALT Encoding   

  12  0:00  SCV  
  13  0:12  SCV  
  14  0:18  Supply Depot  
  14  0:25  SCV  
  15  0:39  SCV  
  15  0:40  Barracks  
  16  0:44  Refinery  
  16  0:51  SCV  
  17  1:03  SCV  
  18  1:16  SCV  
  19  1:28  Reaper, Orbital Command  
  20  1:40  Command Center  
  20  1:49  Supply Depot  
  20  1:54  SCV  
  20  1:59  Marine  
  22  2:06  SCV  
  23  2:08  Factory  
  23  2:15  Refinery  
  23  2:18  SCV  
  23  2:21  Barracks Reactor  
  24  2:30  SCV  
  25  2:42  SCV  
  26  2:52  Starport  
  26  2:53  Orbital Command  
  26  2:54  SCV  
  27  3:02  Hellion x2  
  27  3:04  Marine  
  32  3:07  SCV  
  33  3:18  SCV  
  33  3:19  SCV  
  35  3:22  Supply Depot, Marine  
  35  3:24  Hellion x2  
  40  3:29  Liberator  
  40  3:31  SCV  
  40  3:33  SCV  
  45  3:40  Barracks Tech Lab  
  45  3:44  SCV  
  45  3:45  SCV  
  47  3:50  Hellion  
  47  4:00  Stimpack  
  44  4:04  SCV  
  44  4:07  SCV  
  43  4:11  Hellion x2  
  48  4:17  SCV  
  48  4:23  SCV, Supply Depot  
  49  4:29  SCV  
  50  4:34  Command Center  
  50  4:36  SCV  
  51  4:41  SCV  
  51  4:43  Factory Reactor, Marine  
  51  4:44  Barracks  
  53  4:48  SCV, Supply Depot  
  54  4:54  Barracks  
  54  4:56  Starport Reactor  
  54  5:00  SCV  
  48  5:08  SCV  
  48  5:12  SCV, Marine  
  42  5:16  Engineering Bay  
  42  5:17  Engineering Bay  
  42  5:20  SCV  
  43  5:24  SCV  
  44  5:29  Factory Tech Lab  
  44  5:31  Marine x3  
  44  5:32  SCV  
  44  5:33  Medivac x2  
  52  5:37  SCV  
  52  5:40  Combat Shield  
  53  5:44  SCV, Terran Infantry Weapons Level 1, Terran Infantry Armor Level 1  
  53  5:47  Orbital Command  
  53  5:49  Marine x3  
  57  5:50  Marine  
  57  5:55  Refinery  
  57  5:56  SCV  
  59  5:57  SCV  
  59  5:58  Refinery  
  59  6:01  Marine  
  59  6:02  Supply Depot  
  61  6:07  Marine x2  
  61  6:08  Marine  
  61  6:10  Siege Tank  
  61  6:11  Marine  
  68  6:12  SCV  
  68  6:14  SCV x2  
  71  6:19  Marine  
  71  6:20  Supply Depot  
  71  6:24  Marine  
  71  6:25  SCV, Marine  
  75  6:29  Medivac x2  
  75  6:31  SCV  
  75  6:32  Marine  
  81  6:35  Supply Depot  
  81  6:39  Marine x2  
  83  6:46  Marine x2  
  82  6:48  SCV, Siege Tank  
  82  6:49  SCV x2  
  88  6:54  Marine  
  88  6:59  Barracks  
  88  7:01  Marine, Barracks  
  89  7:02  Armory  
  89  7:06  Marine  
  89  7:08  Marine  
  92  7:12  SCV  
  92  7:13  Marine  
  94  7:18  Marine  
  94  7:19  Marine  
  94  7:20  SCV x2  
  94  7:22  Siege Tank  
  101  7:24  Medivac x2  
  101  7:25  Marine  
  101  7:28  Marine  
  107  7:32  Supply Depot  
  107  7:33  Marine  
  107  7:34  Supply Depot  
  107  7:36  Marauder  
  110  7:43  Marine  
  109  7:45  Marine  
  109  7:46  Marine  
  109  7:49  Barracks Tech Lab  
  109  7:50  Supply Depot, Barracks Tech Lab  
  111  7:57  Marine, Siege Tank  
  115  8:01  Marauder  
  115  8:02  Terran Infantry Weapons Level 2  
  115  8:05  Marine  
  118  8:09  Marauder x2  
  122  8:22  Marine x2  
  122  8:23  Marauder  
  122  8:24  Concussive Shells  
  122  8:25  SCV  
  122  8:26  Orbital Command  
  126  8:31  Marauder, Marine x2  
  126  8:32  SCV, Marauder  
  133  8:45  Supply Depot, Marine  
  133  8:46  Supply Depot  
  133  8:47  Supply Depot, Marine x2  
  136  8:52  SCV  
  137  8:55  Supply Depot  
  137  8:56  Marauder  
  137  8:57  Marine  
  140  9:03  Missile Turret  
  140  9:05  Missile Turret  
  140  9:06  Marine x2  
  140  9:07  Marine  
  143  9:10  Marauder  
  143  9:11  SCV  
  146  9:19  Marauder x2  
  146  9:20  Marine  
  146  9:24  Marine  
  152  9:25  Sensor Tower  
  152  9:27  Supply Depot  
  152  9:29  Medivac x2  
  156  9:37  Siege Tank  
  159  9:39  Marine  
  159  9:40  Marauder x2, Marine  
  159  9:42  Marine  
  159  9:45  Marine  
  167  9:49  Terran Infantry Armor Level 2  
  167  9:52  Marauder  
  169  9:57  Marine x2  
  169  10:00  Marine  
  169  10:01  Marauder  
  169  10:02  Medivac x2  
  169  10:04  Marine  
  169  10:05  Marauder  
  179  10:13  Marine  
  180  10:15  Marine  
  180  10:20  Supply Depot  
  181  10:21  Terran Infantry Weapons Level 3  
  181  10:22  Marine x2  
  181  10:27  Command Center  
  181  10:41  Marine  
  181  10:42  Marauder x2, Marine x3  
  189  10:43  Marauder  
  189  10:50  Supply Depot  
  189  11:01  Marine  
  189  11:03  Marine  
  188  11:05  Marauder, Siege Tank  
  157  11:14  Marine x2  
  157  11:15  Marauder x2  
  161  11:18  Marine  
  161  11:20  Barracks  
  161  11:21  Barracks x2  
  161  11:23  Marine  
  161  11:26  Marauder  
  163  11:38  Marauder, Marine x2  
  163  11:39  Marauder  
  130  11:42  Marine, Siege Tank  
  130  11:44  Marine  
  130  11:46  Medivac x2  
  132  11:47  SCV, Marauder  
  132  11:48  SCV  
  132  11:49  SCV  
  137  11:55  Marine  
  137  11:56  Marine  
  137  11:59  Marine  
  137  12:00  Marauder, Marine  
  144  12:01  SCV  
  144  12:08  Barracks Reactor, Marine  
  145  12:09  Marauder  
  145  12:10  Barracks Tech Lab x2  
  145  12:13  SCV, Marine  
  143  12:15  Liberator x2  
  143  12:16  Planetary Fortress  
  143  12:17  Marine  
  143  12:18  Marauder, Marine  
  143  12:19  SCV x2  
  143  12:21  Marauder  
  157  12:25  Marine  
  158  12:30  Marauder x2, Marine  
  158  12:31  Marine  
  158  12:32  SCV  
  158  12:34  Refinery x2  
  158  12:35  Marine  
  166  12:39  Marauder, Marine  
  166  12:40  Siege Tank  
  166  12:43  SCV, Marauder, Marine  
  166  12:51  Marine  
  166  12:52  Marauder  
  166  12:54  Marine  
  166  12:55  Marauder  
  166  12:57  Marauder, Marine  
  175  12:58  Marine x2  
  172  13:11  Marine x2  
  172  13:12  Marauder  
  165  13:13  Siege Tank  
  165  13:16  Marine x2  
  165  13:17  Marauder  
  165  13:18  Medivac x2  
  165  13:19  Marine x2  
  158  13:20  Marine  
  158  13:25  Marauder  
  158  13:26  Command Center  
  161  13:31  Marine  
  161  13:32  Marauder, Marine  
  161  13:33  Marine  
  166  13:37  Marine x2  
  166  13:38  Marauder x2  
  166  13:39  Marine  
  173  13:44  Terran Infantry Armor Level 3  
  160  13:56  Marauder  
  160  13:57  Marauder, Marine  
  160  14:02  Drilling Claws  
  164  14:03  Marauder  
  164  14:04  Marauder, Factory  
  164  14:08  Widow Mine  
  164  14:09  Marauder  
  169  14:17  Marine  
  169  14:18  Marauder  
  169  14:19  Medivac x2  
  169  14:21  SCV  
  177  14:24  Marauder  
  177  14:25  Marauder  
  177  14:26  Marine  
  178  14:35  Marine  
  178  14:36  Marauder, Marine  
  153  14:47  Marine  
  153  14:48  Marauder, Marine  
  154  14:54  Marine  
  154  14:55  Marauder  
  154  14:57  Medivac x2  
  154  14:58  Factory Reactor, Siege Tank  
  149  15:03  Marauder, Marine x2  
  149  15:05  Marauder, Marine x2  
  149  15:06  SCV  
  151  15:10  Marine x2  
  151  15:11  Marauder  
  155  15:14  Marine  
  155  15:17  Marauder  
  155  15:21  Marine x2  
  145  15:23  SCV, Marine  
  145  15:25  Marauder, Marine  
  151  15:28  Medivac  
  151  15:29  Medivac  
  151  15:30  Marauder  
  151  15:32  Marine  
  151  15:33  Marauder  
  160  15:38  Marauder  
  160  15:40  Marine  
  155  15:43  Marauder  
  155  15:45  Marine x3  
  155  15:46  Planetary Fortress  
  155  15:47  Marauder  
  155  15:48  Widow Mine  
  164  15:51  Marauder  
  164  15:52  Marine x2  
  164  15:54  Marauder  
  170  15:59  Widow Mine x2  
  174  16:04  Marine x2  
  174  16:05  Marauder  
  175  16:15  Marine  
  171  16:20  Marine x2  
  171  16:21  Marauder  
  171  16:23  Medivac x2, Widow Mine  
  165  16:27  Marauder, Marine x2  
  165  16:29  Widow Mine x2  
  165  16:30  SCV  
  169  16:33  Marine  
  169  16:34  Marauder, Marine  
  169  16:36  Marauder, Marine  
  169  16:38  Marine  
  177  16:45  Widow Mine  
  177  16:46  Marine x2  
  183  16:47  Marauder  
  183  16:51  Marauder, Widow Mine, Marine x2  
  183  16:53  Medivac  
  172  16:54  Marine  
  172  16:56  SCV  
  172  16:57  Marine  
  172  17:01  SCV, Widow Mine  
  168  17:02  SCV  
  168  17:07  Marauder x3, Marine  
  172  17:09  Widow Mine  
  174  17:15  Marine  
  174  17:16  Marauder, Marine x2  
  174  17:19  Medivac, Widow Mine  
  174  17:22  Marauder  
  185  17:25  Medivac  
  187  17:33  Marauder x2  
  191  17:40  Marauder x2, Marine  
  193  17:50  Marine  
  188  17:53  Widow Mine  
  188  17:55  Marine x2  
  188  17:56  Marauder  
  188  17:57  Medivac  
  186  18:03  Orbital Command  
  168  18:10  Marauder, Marine  
  168  18:12  Widow Mine  
  169  18:14  Marine  
  169  18:15  Marauder, Marine  
  169  18:19  Widow Mine  
  162  18:20  Marine  
  162  18:24  Widow Mine  
  160  18:28  Marine x2  
  160  18:29  Marauder  
  160  18:35  Marine  
  160  18:36  Marauder  
  160  18:37  Medivac  
  160  18:39  Marine x2  
  160  18:40  SCV, Marauder  
  155  18:42  SCV  
  155  18:43  SCV  
  155  18:46  Marine  
  142  19:06  Marauder, Marine x2  
  142  19:07  Widow Mine  
  136  19:11  Marine  
  136  19:12  Medivac, Marauder, Marine x2  
  136  19:13  Marauder x2, Marine x2  
  136  19:14  Medivac  
  147  19:22  Widow Mine  
  147  19:23  Marine x2  
  151  19:28  Marauder  
  151  19:29  Marine  
  151  19:31  Marauder, Marine x2  
  158  19:34  Widow Mine x2  
  158  19:35  Command Center  
  159  19:48  Medivac x2, Marine  
  159  19:49  Widow Mine  
  159  19:51  Marine x2  
  159  19:52  Marauder  
  158  19:53  Marauder x2  
  158  19:54  Marine  
  163  20:02  Marine x2  
  163  20:03  Marauder x2, Widow Mine  
  163  20:04  Widow Mine  
  173  20:10  Marine x2  
  173  20:13  Marauder, Widow Mine  
  177  20:14  Marine x2  
  177  20:15  Marauder  
  181  20:22  Missile Turret  
  181  20:29  Marauder, Marine x2  
  185  20:36  Marauder  
  187  20:47  Marine  
  187  20:48  Medivac, Marauder  
  169  20:54  Marine x2  
  169  20:55  Marauder  
  142  21:05  Marauder, Marine x2  
  142  21:06  Marine, Widow Mine  
  142  21:09  Marine x2  
  142  21:10  Marauder  
  142  21:11  Medivac, Widow Mine x2, Marine  
  139  21:12  Marine  
  139  21:16  Marine  
  139  21:17  Marauder  
  146  21:19  Medivac  
  146  21:22  Marine  
  146  21:23  Marine  
  150  21:27  Marauder, Widow Mine  
  150  21:28  Marauder  
  150  21:30  Missile Turret, Marauder  
  158  21:36  Marauder, Marine x2  
  158  21:37  Widow Mine x2  
  158  21:38  Marauder  
  168  21:40  Planetary Fortress  
  168  21:53  Marine x2  
  171  21:54  Marauder  
  171  21:56  Widow Mine  
  171  21:59  Marine  
  173  22:05  Marine x2  
  173  22:06  Marauder  
  167  22:09  Medivac x2  
  167  22:10  Widow Mine  
  167  22:13  Marine x2  
  167  22:14  Marauder  
  149  22:19  Marine x2  
  149  22:20  Marauder  
  149  22:21  Marauder, Marine, Widow Mine x2  
  149  22:23  Marine  
  149  22:25  Marine  
  149  22:27  Marine  
  148  22:31  Marine x2  
  148  22:35  Marine  
  149  22:37  Marine  
  149  22:39  Marauder, Marine  
  149  22:40  Widow Mine  
  149  22:41  Marine x2  
  149  22:43  Marine  
  152  22:45  Widow Mine  
  152  22:46  Marauder  
  152  22:47  Marine  
  152  22:49  Marine, Widow Mine  
  152  22:50  Command Center  
  156  22:53  Refinery x2  
  156  22:59  Marine  
  156  23:02  Marine x3  
  156  23:03  Marauder  
  154  23:06  Widow Mine  
  154  23:07  Marine x3  
  154  23:08  Medivac, Widow Mine  
  160  23:22  Widow Mine  
  155  23:28  Marine x3  
  155  23:29  Marauder  
  155  23:30  Widow Mine  
  155  23:31  Widow Mine  
  155  23:34  Marauder, Marine x3  
  165  23:43  Widow Mine  
  161  23:49  Marine x2  
  161  23:50  Marauder  
  160  23:58  Marauder, Marine  
  162  24:03  Medivac, Widow Mine, Marine x2  
  162  24:04  Marauder  
  162  24:09  Marine  
  149  24:10  Marauder, Marine  
  149  24:13  Marine x2  
  149  24:14  Marauder  
  149  24:15  Marine  
  149  24:16  SCV  
  133  24:20  Marauder  
  133  24:21  Marine x2, Widow Mine  
  126  24:25  Marauder  
  126  24:27  Marine x2  
  126  24:30  Widow Mine x2  
  126  24:31  Marauder, Marine x2  
  134  24:36  SCV x2  
  140  24:39  Missile Turret  
  140  24:41  Planetary Fortress  
  140  24:43  Marine x3  
  143  24:47  Marine  
  143  24:48  Marauder, Marine  
  143  24:50  Widow Mine  
  148  24:54  Marauder, Marine x3  
  148  24:55  Widow Mine  
  155  25:01  Marine x3  
  155  25:02  Widow Mine  
  152  25:08  Marine x2  
  152  25:11  Marine x2  
  152  25:12  Marine x2  
  152  25:13  Marauder  
  158  25:14  Widow Mine  
  158  25:17  Barracks  
  158  25:18  Barracks x2  
  156  25:22  Marauder, Marine x2  
  156  25:25  Medivac  
  156  25:27  Medivac  
  164  25:49  Marine x3  
  171  25:50  Marauder x2, Widow Mine  
  171  25:55  Medivac  
  170  25:57  Medivac  
  170  26:02  Marine  
  170  26:03  Marine  
  170  26:04  Widow Mine  
  173  26:05  Marine  
  171  26:15  Marine x2  
  171  26:17  Widow Mine  
  170  26:19  Marine x3  
  170  26:20  Marine x3  
  170  26:21  Widow Mine  
  170  26:31  Marine  
  152  26:32  Marine  
  152  26:33  Marine  
  152  26:34  Marine x2  
  152  26:37  Medivac x2, Marauder, Marine x2  
  152  26:38  Widow Mine  
  127  26:41  Marine x2  
  127  26:43  Marine  
  127  26:44  Widow Mine x2  
  123  26:49  Marine x2  
  123  26:50  Marine x2  
  123  26:51  Marine  
  123  26:52  Marine x3  
  131  26:54  Marine  
  131  26:55  Marine  
  131  26:58  Marine  
  131  26:59  Marine  
  131  27:00  SCV  
  136  27:02  Marine x2  
  136  27:07  Marine x2  
  137  27:13  Marauder  
  133  27:16  Marine x2  
  133  27:19  Marine  
  133  27:20  Marine x2  
  118  27:31  Marauder x2, Marine x4  
  118  27:33  Medivac  
  118  27:34  Marine  
  115  27:39  Marine  
  115  27:40  Marine  
  115  27:41  Medivac, Marine  
  115  27:42  Marine x4  
  122  27:49  SCV  
  123  27:54  Marine  
  123  27:57  Marine x2  
  126  28:04  Marine  
  127  28:05  Marine x2  
  127  28:08  Marine  
  128  28:19  Marine x2  
  130  28:21  Marine  
  128  28:34  Marine  
  89  28:52  Marine  
  89  28:53  Marine x2  
  89  28:54  Marine  
  89  28:55  Marine  

Tags
 
Add a new tag
Caveats
  • Supply blocks, unpowered buildings, or Contaminate may cause inaccurate times.
  • Supply counts are checked every 10 seconds.